 Dungeon Crawl Stone Soup version 0.29-a0-1009-g60c99734e7 (webtiles) character file.

Game seed: 567273974202585245

44 nickcage the Firebug (level 3, -4/19 HPs)
             Began as a Tengu Fire Elementalist on Aug 8, 2022.
             Slain by Terence
             ... wielding a +0 flail of holy wrath
              (7 damage)
             ... on level 2 of the Dungeon.
             The game lasted 00:03:49 (1814 turns).

nickcage the Firebug (Tengu Fire Elementalist)      Turns: 1814, Time: 00:03:49

Health: -4/19      AC:  2    Str:  8    XL:     3   Next: 62%
Magic:  0/8        EV: 12    Int: 17    God:
Gold:   85         SH:  0    Dex: 14    Spells: 4/7 levels left

rFire   . . .      SeeInvis .   e - +0 mace
rCold   . . .      Faith    .   (no shield)
rNeg    . . .      Spirit   .   a - +0 robe
rPois   .          Reflect  .   (helmet restricted)
rElec   .          Harm     .   (no cloak)
rCorr   .          Rampage  .   (no gloves)
Will    .....                   (boots unavailable)
Stlth   ++........              (no amulet)
HPRegen 0.06/turn               (no ring)
MPRegen 0.11/turn               (no ring)

@: no status effects
A: beak, talons 3
a: no special abilities


You were on level 2 of the Dungeon.
You visited 1 branch of the dungeon, and saw 2 of its levels.

You collected 85 gold pieces.

Inventory:

Hand Weapons
 d - a +0 short sword
 e - a +0 mace (weapon)
Armour
 a - a +0 robe (worn)
Jewellery
 n - a ring of wizardry
Scrolls
 g - a scroll of vulnerability {unknown}
 h - 5 scrolls of identify {unknown}
 j - a scroll of enchant weapon {unknown}
Potions
 b - a potion of magic
 c - 4 potions of curing {unknown}
 f - a potion of lignification {unknown}
 i - 2 potions of heal wounds {unknown}
 k - a potion of brilliance {unknown}
 l - a potion of resistance {unknown}
 m - a potion of mutation {unknown}


   Skills:
 + Level 0.1 Maces & Flails
 - Level 2.1 Dodging
 - Level 2.0 Stealth
 + Level 2.6 Spellcasting
 + Level 1.9 Conjurations
 + Level 4.2 Fire Magic


You had 4 spell levels left.
You knew the following spells:

 Your Spells              Type           Power      Damage    Failure   Level
a - Foxfire               Conj/Fire      48%        2x1d6     4%          1
b - Scorch                Fire           32%        2d7       4%          2

Your spell library contained the following spells:

 Spells                   Type           Power      Damage    Failure   Level
 Conjure Flame            Conj/Fire      12%        6-21      16%         3
 Inner Flame              Hex/Fire       9%         N/A       22%         3
 Sublimation of Blood     Necr           2%         N/A       26%         2
 Wereblood                Tmut           2%         N/A       26%         2
 Flame Wave               Conj/Fire      12%        2d6       45%         4
 Summon Hydra             Summ           1%         N/A       100%        7


Dungeon Overview and Level Annotations

Branches:
Dungeon (2/15)

Altars:

Annotations:
D:2 Terence


Innate Abilities, Weirdness & Mutations

You have a beak for a mouth.
You have claws for feet.


Message History

The jackal closely misses you.
You hit the jackal but do no damage. Your peck misses the jackal.
The jackal is heavily wounded.
The jackal bites you. The jackal barely misses you.
You thump the jackal!
You kill the jackal!
No target in view!
There is an open door, spattered with blood here.
Things that are here:
a jackal corpse; a jackal corpse You see here a hobgoblin corpse.
You open the door.
Terence the Incautious comes into view.
He is wielding a +0 flail of holy wrath and wearing a +2 chain mail of positive energy.
Flames lash Terence.
Terence shouts!
Terence is moderately wounded.
Terence's fire resistance burns away.
Flames lash Terence.
Terence is burned terribly!
Terence is heavily wounded.
Terence hits you with a +0 flail of holy wrath.
Flames lash Terence.
Terence is burned terribly!
Terence is almost dead.
Terence hits you with a +0 flail of holy wrath!
You are too injured to fight recklessly!
Casting: Scorch (safe; 4% risk of failure)
Press: ? - help, Q - select action, (/) - cycle Dir - look around, f - activate Flames lash Terence but do no damage.
A giant cockroach comes into view.
Terence hits you with a +0 flail of holy wrath.
* * * LOW HITPOINT WARNING * * *
You barely miss Terence. You claw Terence, but do no damage.
Terence is almost dead.
Terence closely misses you. Terence barely misses you.
You closely miss Terence. You claw Terence. You peck Terence, but do no damage.
Terence is almost dead.
Terence barely misses you.
You hit Terence but do no damage. Your peck misses Terence.
Terence is almost dead.
Terence hits you with a +0 flail of holy wrath!
You die...

##.# ##### ##.#.
#[..# #.###
#.#.###### ##.#.
#.#.'.##.## ##.#
##†###)#.#.## #.#
#.†.##..###.###.#
###.#..#.## ##....#
#.@.##.##.###.##..#
#@#....###.#.###..#
..B#########.....[.#
#### #.# ######..#
#.# #... #.# ##..
#.# #.. #.# #.. #.#
##..


You could see Terence (combustible) and a giant cockroach.

Vanquished Creatures
  A dart slug (D:1)
  3 endoplasms
  2 giant cockroaches (D:2)
  6 goblins
  4 hobgoblins (D:2)
  3 jackals (D:2)
  3 ball pythons
  9 bats
  A frilled lizard (D:1)
  2 kobolds (D:1)
  5 rats
39 creatures vanquished.

Vanquished Creatures (others)
  22 foxfires
22 creatures vanquished.

Grand Total: 61 creatures vanquished

Notes
Turn   | Place    | Note
-------+----------+-------------------------------------------
     0 | D:1      | nickcage the Tengu Fire Elementalist began the quest for
                  | the Orb.
     0 | D:1      | Reached XP level 1. HP: 10/10 MP: 4/4
   267 | D:1      | Reached XP level 2. HP: 15/15 MP: 3/6
   270 | D:1      | Learned a level 2 spell: Scorch
   740 | D:1      | Found a faded altar of an unknown god.
   880 | D:2      | Reached skill level 4 in Fire Magic
  1032 | D:2      | Reached XP level 3. HP: 19/19 MP: 0/7
  1807 | D:2      | Noticed Terence
  1814 | D:2      | Slain by Terence

Illustrated notes

Levels and vault maps discovered:
D:1:      minmay_arrival_solitary_statue, layout_basic, basic_ecumenical_altar
D:2:      minmay_chambers_of_ones, layout_loops_ring, uniq_terence

Skill      XL: |  1  2 |
---------------+-------+-----
Fire Magic     | 4 |  4.2
Maces & Flails | |  0.1
Dodging        | |  2.1
Stealth        | |  2.0
Spellcasting   | |  2.6
Conjurations   | |  1.9

Action                   || total
-------------------------++-------
Melee: Unarmed           ||     3
       Kick              ||     8
       Peck              ||     6
       Mace              ||    29
       Punch             ||     1
 Cast: Foxfire           ||    15
       Scorch            ||    27
 Stab: Sleeping          ||     1
Armor: Robe              ||    21
Dodge: Dodged            ||    47

Table legend: (Time is in decaauts)
 A = Elapsed time spent in this place.
 B = Non-inter-level travel time spent in this place.
 C = Inter-level travel time spent in this place.
 D = Time resting spent in this place.
 E = Time spent auto-exploring this place.
 F = Levels seen in this place.
 G = Mean time per level.
                   A        B        C        D        E       F      G
               +--------+--------+--------+--------+--------+-----+--------+
         Total |   1823 |   1787 |     36 |     33 |   1520 |   2 |  911.5 |
       Dungeon |   1823 |   1787 |     36 |     33 |   1520 |   2 |  911.5 |
               +--------+--------+--------+--------+--------+-----+--------+

Top non-repeatable levels by time:
     D:2: 951 daAuts
     D:1: 872 daAuts
